 Dungeon Sprint DCSS version 0.18-a0-1551-g40744a8 (webtiles) character file.

11 pipel the Grave Robber (level 2, -3/27 HPs)
             Began as a Hill Orc Necromancer on Mar 11, 2016.
             Was an Initiate of Beogh.
             Slain by a gnoll
             ... wielding a +0 flail
              (5 damage)
             ... in the Dungeon (Sprint VII: "The Pits").
             The game lasted 00:01:10 (83 turns).

pipel the Grave Robber (Hill Orc Necromancer)         Turns: 83, Time: 00:01:10

Health: -3/27      AC:  2    Str: 10    XL:     2   Next: 29%
Magic:  3/4        EV: 12    Int: 15    God:    Beogh [......]
Gold:   0          SH:  0    Dex: 11    Spells: 1 memorised, 3 levels left

rFire  . . .     SeeInvis .     a - +2 quarterstaff
rCold  . . .     Gourm    .     t - +0 robe
rNeg   . . .     Faith    .     (shield currently unavailable)
rPois  .         Spirit   .     (no helmet)
rElec  .         Dismiss  .     (no cloak)
rCorr  .         Reflect  .     (no gloves)
SustAt .         Harm     .     (no boots)
MR     .....     NoTele   +     (no amulet)
Stlth  ++........               (no ring)
                                (no ring)

@: not resistant to hostile enchantments, unstealthy
A: no striking features
a: Renounce Religion


You were in the Dungeon.
You worshipped Beogh.
Beogh was noncommittal.
You were not hungry.

You visited 1 branch

Inventory:

Hand Weapons
 a - a +2 quarterstaff (weapon)
 s - a +2 trident
Missiles
 m - 10 stones (quivered)
Armour
 t - a +0 robe (worn)
Magical Staves
 b - an uncursed staff of energy
Scrolls
 i - a scroll of blinking
 o - 3 scrolls of remove curse
 p - 5 scrolls of amnesia
 q - a scroll of summoning
 r - 2 scrolls of vulnerability
Potions
 d - a potion of curing
 e - a potion of heal wounds
 f - a potion of haste
 g - 4 potions of magic
 h - 3 potions of berserk rage
 l - 2 potions of invisibility
Books
 n - a book of Necromancy

   Spells                             Type                      Level
   a - Pain                           Necromancy                   1
   b - Animate Skeleton               Necromancy                   1
   c - Vampiric Draining              Necromancy                   3
   d - Regeneration                   Charms/Necromancy            3
   e - Animate Dead                   Necromancy                   4
   f - Control Undead                 Necromancy                   4
Comestibles
 c - 8 bread rations
 j - 40 fruits
 k - 7 meat rations


   Skills:
 * Level 3.7 Fighting
 + Level 2.2 Dodging
 - Level 1.6 Stealth
 - Level 1.6 Spellcasting
 - Level 4.4 Necromancy


You had 3 spell levels left.
You knew the following spells:

 Your Spells              Type           Power        Failure   Level  Hunger
a - Pain                  Necr           ##..         4%          1    ##.....


Dungeon Overview and Level Annotations

Branches:
Dungeon (1/1)

Altars:
Ashenzari
Cheibriados
Dithmenos
Elyvilon
Fedhas
Gozag
Kikubaaqudgha
Makhleb
Nemelex Xobeh
Okawaru
Pakellas
Qazlal
Ru
Sif Muna
Trog
Vehumet
Xom
Yredelemnul
Zin
The Shining One
Beogh
Jiyva
Lugonu


Message History

You channel some magical energy.
You feel slightly more hungry.
MP restored: 4 Your reserves of magic are already full.
a - a +2 quarterstaff (weapon)
You open the door.
A gnoll comes into view. It is wielding a flail.
The gnoll shouts!
A kobold comes into view.
There is an open door here.
Casting: Pain
Confirm with . or Enter, or press ? or * to list all spells.
Aiming: Pain
Press: ? - help, Shift-Dir - straight line, f - gnoll
Aim: a gnoll, wielding a flail (chance to defeat MR: 79%)
The gnoll convulses in agony!
You take 1 damage, and have 2/27 hp.
You now have 3/4 mp.
You barely miss the gnoll.
The gnoll is lightly wounded.
The gnoll hits you with a flail.
You die...

############
#__________#
#__________#
#_#####'##########
#_#).)'.'..##.....
#_#).)#.#..##.....
#######'#####.....
#@g.........'.....
#+#####'#####.....
#..# #.....
#.g'..# ####'#
#..#### #..... #K.
#..... #. #.....
## #...<. #.....


You could see a gnoll.

Vanquished Creatures
  A river rat (D)
  A ball python (D)
  A giant cockroach (D)
3 creatures vanquished.

Notes
Turn   | Place    | Note
--------------------------------------------------------------
     0 | D        | pipel the Hill Orc Necromancer began the quest for the Orb.
     0 | D        | Reached XP level 1. HP: 14/14 MP: 3/3
    42 | D        | Found a sacrificial altar of Ru.
    42 | D        | Found a basalt altar of Yredelemnul.
    42 | D        | Found a glowing golden altar of the Shining One.
    42 | D        | Found a deep blue altar of Sif Muna.
    42 | D        | Found a burning altar of Makhleb.
    42 | D        | Found an ancient bone altar of Kikubaaqudgha.
    42 | D        | Found a glowing silver altar of Zin.
    43 | D        | Found a shadowy altar of Dithmenos.
    43 | D        | Found a bloodstained altar of Trog.
    43 | D        | Found a shattered altar of Ashenzari.
    43 | D        | Found a white marble altar of Elyvilon.
    43 | D        | Found a snail-covered altar of Cheibriados.
    43 | D        | Found a blossoming altar of Fedhas.
    43 | D        | Found a radiant altar of Vehumet.
    43 | D        | Found a shimmering altar of Xom.
    43 | D        | Found a sparkling altar of Nemelex Xobeh.
    43 | D        | Found a corrupted altar of Lugonu.
    43 | D        | Found a viscous altar of Jiyva.
    43 | D        | Found a roughly hewn altar of Beogh.
    43 | D        | Found an iron altar of Okawaru.
    44 | D        | Found an oddly glowing altar of Pakellas.
    47 | D        | Found a stormy altar of Qazlal.
    48 | D        | Found an opulent altar of Gozag.
    49 | D        | Became a worshipper of Beogh the Brigand
    63 | D        | Reached skill level 1 in Fighting
    66 | D        | Reached XP level 2. HP: 2/27 MP: 1/4
    83 | D        | Slain by a gnoll

Vault maps used:
D:        pitsprint

Skill      XL: |  1 |
---------------+----+-----
Fighting       | 3 |  3.7
Dodging        | 2 |  2.2
Stealth        | |  1.6
Spellcasting   | |  1.6
Necromancy     | |  4.4

Action                   || total
-------------------------++-------
Melee: Quarterstaff      ||     5
 Cast: Pain              ||     5
Evoke: Staff of energy   ||     2
